 Dungeon Crawl Stone Soup version 0.31-a0-819-gf6de2f5ab6 (webtiles) character file.

Game seed: 14042647870522517922

365 qw the Shooter (level 6, -2/38 HPs)
             Began as a Gargoyle Hunter on Sept 23, 2023.
             Slain by a gnoll
             ... wielding a +0 spear
             ... led by a gnoll bouda
              (6 damage)
             ... on level 4 of the Dungeon.
             The game lasted 00:00:57 (2621 turns).

qw the Shooter (Gargoyle Hunter)                    Turns: 2621, Time: 00:00:58

Health: -2/38      AC:  9    Str: 15    XL:     6   Next: 68%
Magic:  6/6        EV: 11    Int:  9    God:
Gold:   117        SH:  0    Dex: 15    Spells: 5/5 levels left

rFire   . . .        a - +2 arbalest (heavy)
rCold   . . .        (shield currently unavailable)
rNeg    + . .        f - +0 ring mail
rPois   inf          (no helmet)
rElec   +            (no cloak)
rCorr   .            (no gloves)
SInv    .            (no boots)
Will    +....        (no amulet)
Stlth   +            c - ring of willpower
HPRegen 0.26/turn    (no ring)
MPRegen 0.10/turn

%: no passive effects
@: no status effects
A: sickness immunity, AC +4, negative energy resistance 1, electricity
resistance, torment resistance 1, petrification resistance
a: no special abilities


You were on level 4 of the Dungeon.
You visited 1 branch of the dungeon, and saw 4 of its levels.

You collected 117 gold pieces.


Innate Abilities, Weirdness & Mutations

You are immune to sickness and miasma.
Your stone body is resilient. (AC +4)
You are immune to poison.
You resist negative energy. (rN+)
You are resistant to electric shocks. (rElec)
You are resistant to unholy torment.
You are immune to petrification.


   Skills:
 - Level 4.0 Fighting
 + Level 7.0 Ranged Weapons
 - Level 1.0 Armour
 - Level 1.5 Dodging
 - Level 1.1 Stealth


You had 5 spell levels left.
You didn't know any spells.
Your spell library was empty.

Inventory:

Hand Weapons
 a - a +2 heavy arbalest (weapon)
Armour
 f - a +0 ring mail (worn)
Jewellery
 c - a ring of willpower (left hand)
Scrolls
 b - a scroll of blinking {unknown}
 d - a scroll of brand weapon {unknown}
 e - a scroll of identify
Potions
 g - a potion of brilliance {unknown}
 h - a potion of degeneration {unknown}

Dungeon Overview and Level Annotations

Branches:
Dungeon (4/15)
 Temple: D:4-7

Altars:
Fedhas
Uskayaw


Message History

You hear a shout!
The gnoll hits you but does no damage.
You shoot a bolt. The bolt barely misses the gnoll bouda.
The gnoll bouda barely misses you. The gnoll barely misses you.
The gnoll bouda hits you but does no damage.
The gnoll hits you from afar with a +0 spear.
The gnoll bouda completely misses you.
You shoot a bolt. The bolt hits the gnoll bouda!!!
You kill the gnoll bouda!
A gnoll comes into view. It is wielding a +0 club.
The gnoll hits you from afar with a +0 spear.
The adder bites you but does no damage.
The gnoll hits you from afar with a +0 spear.
The adder bites you but does no damage.
The gnoll hits you from afar with a +0 spear.
You shoot a bolt. The bolt hits the adder!!
You kill the adder!
The gnoll hits you but does no damage. The gnoll completely misses you.
The gnoll hits you with a +0 club. The gnoll hits you but does no damage.
You shoot a bolt. The bolt hits the gnoll!
The gnoll is almost dead.
The gnoll is no longer moving quickly. x2; The gnoll hits you with a +0 club.
The gnoll hits you from afar with a +0 spear.
The gnoll misses you. The gnoll barely misses you. The gnoll misses you.
The gnoll hits you but does no damage.
You shoot a bolt. The bolt hits the gnoll!!
You kill the gnoll!
The gnoll is no longer moving quickly.
The gnoll hits you but does no damage. The gnoll hits you with a +0 club.
The gnoll hits you from afar with a +0 spear.
The gnoll hits you with a +0 club.
You shoot a bolt. The bolt hits the gnoll!!
You kill the gnoll!
The gnoll barely misses you. x2
Your Ranged Weapons skill increases to level 7!
You shoot a bolt. The bolt hits the gnoll.
The gnoll is heavily wounded.
The gnoll barely misses you.
The gnoll hits you from afar with a +0 spear.
You die...

###.#####........ #.
## ..............###
#.# #.
..........<.## #
.#.....
##.....#....# #
.....#. ###..#...###
# #..... ##.#...# #
#..$.. ####......# #
#.....####........##
#..
#......)@..#.#P.P##
#..
#....#.##....##.##
#.. #...
#.##g#####.# #.. #..
#S##.# #.# #.. #.
#g...# #.# #.# #
...#.#


P.P .#.#.# _P ##g..# g) You could see a gnoll.

Vanquished Creatures
  A hound (D:4)
  A gnoll bouda (D:4)
  Terence (D:2)
  2 iguanas (D:4)
  Natasha (thrice) (D:3)
  An orc wizard (D:4)
  3 gnolls (D:4)
  3 adders
  2 worms
  4 orcs
  3 ball pythons
  8 bats
  4 endoplasms
  4 giant cockroaches
  5 goblins
  5 hobgoblins
  2 jackals (D:2)
  4 quokkas
  3 frilled lizards
  6 kobolds
  7 rats
72 creatures vanquished.

Notes
Turn   | Place    | Note
-------+----------+-------------------------------------------
     0 | D:1      | qw the Gargoyle Hunter began the quest for the Orb.
     0 | D:1      | Reached XP level 1. HP: 12/12 MP: 1/1
     0 | D:1      | 0 ||| qw: Version: 0.3-a-83-gcd0e7d8
     0 | D:1      | 0 ||| qw: Game counter: 1689
     0 | D:1      | 0 ||| qw: Melee chars always use a shield: true
     0 | D:1      | 0 ||| qw: God list: Okawaru
     0 | D:1      | 0 ||| qw: Allow faded altars: false
     0 | D:1      | 0 ||| qw: Do Orc after clearing Dungeon:15 true
     0 | D:1      | 0 ||| qw: Do second Lair branch before Depths: true
     0 | D:1      | 0 ||| qw: Lair rune preference: random
     0 | D:1      | 0 ||| qw: Goals: Normal
     0 | D:1      | 0 ||| PLANNING D:1-11
   105 | D:1      | Reached XP level 2. HP: 17/17 MP: 2/2
   519 | D:1      | Found a faded altar of an unknown god.
   546 | D:1      | Reached XP level 3. HP: 21/21 MP: 3/3
   700 | D:1      | 700 ||| UPGRADING to +0 ring mail.
   710 | D:1      | 710 ||| DROPPING +0 leather armour.
   711 | D:1      | 711 ||| READING scroll labelled HUDOEBLE KOUWO.
   712 | D:1      | 712 ||| READING scroll labelled UKHUSKIAFACH.
   716 | D:1      | 716 ||| DROPPING scroll of butterflies.
  1173 | D:2      | Reached skill level 1 in Armour
  1185 | D:2      | Reached skill level 5 in Ranged Weapons
  1475 | D:2      | Noticed Terence
  1490 | D:2      | HP: 3/22 [Terence/+0 flail (4)]
  1491 | D:2      | 1491 ||| READING scroll of teleportation.
  1687 | D:2      | 1687 ||| READING scroll labelled YBOFAGG ZERO.
  1687 | D:2      | Identified a scroll of acquirement
  1687 | D:2      | 1687 ||| ACQUIRING +2 heavy arbalest
  1687 | D:2      | Acquired a +2 heavy arbalest
  1689 | D:2      | 1689 ||| SWAPPING to +2 heavy arbalest.
  1690 | D:2      | 1690 ||| DROPPING +0 shortbow.
  1691 | D:2      | 1691 ||| READING scroll labelled ZEOPADOBIDU.
  1692 | D:2      | 1692 ||| READING scroll labelled SIUCAOQ CYCEUD.
  1693 | D:2      | 1693 ||| READING scroll labelled POENAZX LATZ.
  1754 | D:3      | Noticed Natasha
  1760 | D:3      | Killed Natasha
  1761 | D:3      | Reached skill level 3 in Fighting
  1761 | D:3      | Reached XP level 4. HP: 28/28 MP: 4/4
  1841 | D:3      | Found a hide-covered altar of Uskayaw.
  1874 | D:3      | Noticed Natasha
  1878 | D:3      | 1878 ||| RETREEAATING.
  1879 | D:3      | 1879 ||| STILL RETREEAATING.
  1880 | D:3      | 1880 ||| STILL RETREEAATING.
  1884 | D:3      | 1884 ||| Stepping ~*~*~tactically~*~*~ (retreating).
  1885 | D:3      | Killed Natasha
  1928 | D:3      | Noticed Natasha
  1930 | D:3      | HP: 7/28 [Natasha (1)]
  1931 | D:3      | Killed Natasha
  1932 | D:3      | Reached XP level 5. HP: 9/32 MP: 5/5
  2293 | D:3      | 2293 ||| UPGRADING to ring of willpower.
  2294 | D:3      | 2294 ||| DRINKING 2 cyan potions.
  2298 | D:3      | 2298 ||| STAIRDANCE
  2310 | D:2      | Killed Terence
  2311 | D:2      | Reached skill level 6 in Ranged Weapons
  2411 | D:2      | 2411 ||| READING 2 scrolls of identify.
  2411 | D:2      | 2411 ||| IDENTIFYING fuming coppery potion
  2412 | D:2      | 2412 ||| DROPPING potion of berserk rage.
  2413 | D:2      | 2413 ||| DROPPING potion of lignification.
  2448 | D:4      | HP: 5/33 [something/puff of flame (9)]
  2450 | D:4      | Reached XP level 6. HP: 6/38 MP: 6/6
  2596 | D:4      | Found a blossoming altar of Fedhas.
  2611 | D:4      | 2611 ||| Stepping ~*~*~tactically~*~*~ (retreating).
  2613 | D:4      | 2613 ||| Stepping ~*~*~tactically~*~*~ (retreating).
  2619 | D:4      | HP: 8/38 [gnoll/+0 club[a gnoll bouda] (4)]
  2619 | D:4      | HP: 2/38 [gnoll/+0 club[a gnoll bouda] (5)]
  2621 | D:4      | Reached skill level 7 in Ranged Weapons
  2621 | D:4      | Slain by a gnoll

Levels and vault maps discovered:
D:1:      lightli_arrival_noodles, layout_loops_cross, basic_ecumenical_altar,
          st_stairs_11, kennysheep_pointless_box,
          hangedman_abyss_or_decor_lesser_grid, chequers_serial_rivers_small_a,
          dk_noncrumbling_4
D:2:      layout_basic, uniq_terence
D:3:      layout_rooms, mainiacjoe_overflow_small_starburst, uniq_natasha
D:4:      layout_rooms, fedhas_altar_decomposition

Skill      XL: |  1  2  3  4  5  6 |
---------------+-------------------+-----
Armour         | 1 |  1.0
Ranged Weapons | 5 6 7 |  7.0
Fighting       | 3 4 |  4.0
Dodging        | |  1.5
Stealth        | |  1.1

Action                     |  1- 3 |  4- 6 || total
---------------------------+-------+-------++-------
   Fire: Shortbow          |   129 |       ||   129
         Arbalest          |     7 |    78 ||    85
    Use: Scroll            |     7 |     1 ||     8
         Potion            |       |     1 ||     1
 Armour: Leather armour    |    19 |       ||    19
         Ring mail         |    19 |    71 ||    90
  Dodge: Dodged            |    42 |    40 ||    82

Table legend:
 A = Non-vault XP
 B = Vault XP
 C = Vault XP percentage of total XP
 D = Non-vault monster count
 E = Vault monster count
 F = Vault count percentage of total count
                 A         B        C        D         E       F
            +---------+---------+-------+---------+---------+-------
      Total |     444 |      78 |  14.9 |      67 |       5 |   6.9
            +---------+---------+-------+---------+---------+-------
        D:1 |      32 |       5 |  13.5 |      20 |       3 |  13.0
        D:2 |      29 |      38 |  56.7 |      17 |       1 |   5.6
        D:3 |     105 |      35 |  25.0 |      13 |       1 |   7.1
        D:4 |     278 |       0 |   0.0 |      17 |       0 |   0.0
            +---------+---------+-------+---------+---------+-------
